 Dungeon Crawl Stone Soup version 0.25-a0-42-g6c54e25894 (webtiles) character file.

Game seed: 6489885052388694385, levelgen mode: deterministic

125 Esekla the Magician (level 4, -5/24 HPs)
             Began as a Deep Elf Wizard on Oct 23, 2019.
             Slain by an orc
             ... wielding a +0 trident
              (6 damage)
             ... on level 4 of the Dungeon.
             The game lasted 00:21:55 (2776 turns).

Esekla the Magician (Deep Elf Wizard)               Turns: 2776, Time: 00:21:56

Health: -5/24      AC:  5    Str:  5    XL:     4   Next: 82%
Magic:  4/13       EV: 13    Int: 23    God:
Gold:   173        SH:  0    Dex: 13    Spells: 5/14 levels left

rFire    . . .     SeeInvis .   f - +0 dagger
rCold    . . .     Gourm    .   (no shield)
rNeg     . . .     Faith    .   a - +0 robe
rPois    .         Spirit   .   b - +0 hat
rElec    .         Reflect  .   n - +0 cloak
rCorr    .         Harm     .   (no gloves)
MR       .....                  i - +1 pair of boots
Stlth    ++........             (no amulet)
HPRegen  0.08/turn              (no ring)
MPRegen  0.13/turn              (no ring)

@: no status effects
A: no striking features
a: no special abilities


You were on level 4 of the Dungeon.
You were near starving.

You visited 1 branch of the dungeon, and saw 4 of its levels.

You collected 173 gold pieces.

Inventory:

Hand Weapons
 c - a +0 spear
 f - a +0 dagger (weapon)
Missiles
 p - 5 curare-tipped darts (quivered)
 q - 3 boomerangs
Armour
 a - a +0 robe (worn)
 b - a +0 hat (worn)
 i - a +1 pair of boots (worn)
 n - a +0 cloak (worn)
Scrolls
 e - 2 scrolls of amnesia {unknown}
 g - 2 scrolls of identify
 j - a scroll of teleportation {unknown}
 k - 2 scrolls of fog {unknown}
 o - 2 scrolls of magic mapping {unknown}
Potions
 h - a potion of flight
 l - a potion of heal wounds
 m - a potion of mutation
 r - a potion of brilliance {unknown}
Comestibles
 d - 5 rations


   Skills:
 + Level 3.0 Dodging
 + Level 2.9 Stealth
 + Level 5.7 Spellcasting
 * Level 3.0 Conjurations
   Level 1.1 Summonings
 * Level 1.3 Translocations
 * Level 0.6 Air Magic
 * Level 0.9 Poison Magic


You had 5 spell levels left.
You knew the following spells:

 Your Spells              Type           Power        Failure   Level  Hunger
a - Magic Dart            Conj           ###.         2%          1    None
b - Blink                 Tloc           N/A          8%          2    None
c - Mephitic Cloud        Conj/Pois/Air  ##......     14%         3    #......
f - Conjure Flame         Conj/Fire      ##......     14%         3    #......

Your spell library contained the following spells:

 Spells                   Type           Power        Failure   Level  Hunger
 Call Imp                 Summ           ##......     9%          2    None
 Slow                     Hex            #.......     13%         2    None


Dungeon Overview and Level Annotations

Branches:
Dungeon (4/15)
 Temple: D:4-7

Altars:
The Shining One

Annotations:
D:2 Robin, Sigmund


Message History

The orc barely misses you. The hound skeleton closely misses you.
You hit the hound skeleton but do no damage.
The hound skeleton is heavily damaged.
The hound skeleton misses you. The orc barely misses you.
The hound skeleton closely misses you.
You barely miss the hound skeleton.
The hound skeleton is heavily damaged.
The quokka skeleton misses you. The orc closely misses you.
The hound skeleton bites you but does no damage.
Casting: Blink (safe; 8% risk of failure)
Confirm with . or Enter, or press ? or * to list all spells.
You blink.
The ogre closely misses you. The quokka skeleton barely misses you.
The hound skeleton bites you but does no damage.
The orc hits you from afar with a +0 trident!
* * * LOW HITPOINT WARNING * * *
The orc barely misses you.
Casting: Blink (safe; 8% risk of failure)
Confirm with . or Enter, or press ? or * to list all spells.
You blink.
The orc hits you with a +0 trident.
You die...

?........# ..(#
.........##...##
...............#
.......<......##
.....#.......##
............##
%......#....#
.....###....#
..... #.@o..#
.... ##o.ZO##
..#. #.Zo..#
###..## ####


You could see an ogre, 3 orcs, a quokka skeleton and a hound skeleton.

Vanquished Creatures
  2 gnolls (D:2)
  2 adders (D:3)
  2 worms
  2 dart slugs
  A leopard gecko (D:3)
  3 orcs (D:3)
  2 ball pythons
  4 bats
  5 giant cockroaches
  11 goblins
  8 hobgoblins
  3 jackals
  11 kobolds
  4 frilled lizards (D:3)
  7 rats
67 creatures vanquished.

Notes
Turn   | Place    | Note
-------+----------+-------------------------------------------
     0 | D:1      | Esekla the Deep Elf Wizard began the quest for the Orb.
     0 | D:1      | Reached XP level 1. HP: 10/10 MP: 7/7
   239 | D:1      | Reached XP level 2. HP: 3/15 MP: 0/9
   479 | D:2      | Learned a level 2 spell: Blink
   508 | D:2      | Reached skill level 5 in Spellcasting
   532 | D:2      | Noticed Sigmund
   902 | D:2      | Reached XP level 3. HP: 17/19 MP: 8/11
   907 | D:2      | Learned a level 3 spell: Mephitic Cloud
   911 | D:2      | Learned a level 3 spell: Conjure Flame
   979 | D:2      | Noticed Robin
  1449 | D:2      | Reached XP level 4. HP: 24/24 MP: 0/13
  1595 | D:2      | Found a glowing golden altar of the Shining One.
  2754 | D:4      | Noticed an ogre
  2775 | D:4      | HP: 1/24 [orc/+0 trident (10)]
  2776 | D:4      | Slain by an orc

Levels and vault maps discovered:
D:1:      dpeg_arrival_rooms_b, layout_basic
D:2:      layout_rooms, tso_metal_star, uniq_robin, uniq_sigmund
D:3:      minmay_chambers_of_twos, layout_basic
D:4:      layout_cave_pools, kennysheep_little_box, uniq_pikel

Skill      XL: |  1  2  3  4 |
---------------+-------------+-----
Spellcasting   | 5 |  5.7
Conjurations   | 2 3 |  3.0
Dodging        | 3 |  3.0
Stealth        | |  2.9
Summonings     | |  1.1
Translocations | |  1.3
Air Magic      | |  0.6
Poison Magic   | |  0.9

Action                   |  1- 3 |  4- 6 || total
-------------------------+-------+-------++-------
Melee: Spear             |     8 |     4 ||    12
       Dagger            |    20 |    29 ||    49
 Cast: Magic Dart        |    99 |    60 ||   159
       Blink             |     1 |     3 ||     4
       Mephitic Cloud    |     1 |     2 ||     3
       Conjure Flame     |       |     1 ||     1
  Use: Scroll            |       |     3 ||     3
 Stab: Sleeping          |     2 |     1 ||     3
  Eat: Chunk             |     1 |     3 ||     4
Armor: Robe              |    21 |    14 ||    35
Dodge: Dodged            |    69 |    42 ||   111

Table legend:
 A = Non-vault XP
 B = Vault XP
 C = Vault XP percentage of total XP
 D = Non-vault monster count
 E = Vault monster count
 F = Vault count percentage of total count
                 A         B        C        D         E       F
            +---------+---------+-------+---------+---------+-------
      Total |     156 |      23 |  12.8 |      56 |      11 |  16.4
            +---------+---------+-------+---------+---------+-------
        D:1 |      31 |       0 |   0.0 |      17 |       0 |   0.0
        D:2 |      55 |       4 |   6.8 |      14 |       2 |  12.5
        D:3 |      70 |      19 |  21.3 |      25 |       9 |  26.5
            +---------+---------+-------+---------+---------+-------
